[Event "December 19 Late 2023"]
[Site "https://www.chess.com"]
[Date "2023.12.19"]
[Round "2"]
[White "Szyszylo, Rafal"]
[Black "Sourath Biswas"]
[Result "1/2-1/2"]
[Board "69"]
[TimeControl "180+1"]
[WhiteFideId "1109626"]
[BlackFideId "35091484"]
[WhiteElo "1951"]
[BlackElo "2171"]
[WhiteTeam "POL"]
[BlackTeam "IND"]
[WhiteClock "0:00:13"]
[BlackClock "0:00:11"]

1. e4 c6 2. d4 d5 3. e5 Bf5 4. h4 h5 5. Bg5 Qb6 6. Bd3 Bxd3 7. Qxd3 Qa6 8. Qh3 e6 9. Nd2 c5 10. dxc5 Nc6 11. a3 Bxc5 12. Ngf3 Nge7 13. Bxe7 Nxe7 14. g4 hxg4 15. Qxg4 Nf5 16. Nb3 Bb6 17. O-O-O Bxf2 18. Nfd4 Bxd4 19. Nxd4 g6 20. Nxf5 gxf5 21. Qg7 Rf8 22. h5 Qc4 23. Kb1 Rc8 24. c3 Qg4 25. Qf6 Rg8 26. h6 Qg6 27. h7 Kd7 28. hxg8=Q Rxg8 29. Qxg6 fxg6 30. Rh7+ Kc6 31. Re7 g5 32. Rxe6+ Kc7 33. Rf6 f4 34. Rg1 Kd7 35. Rxf4 Ke6 36. Rfg4 Kf5 37. e6 Kxe6 38. Rxg5 Rh8 39. Rf1 Rh6 40. Rg3 Kd6 41. Rd3 Kc6 42. Rf8 Rd6 43. Rf7 Kb6 44. Kc2 Kc6 45. Kb3 a6 46. a4 b6 47. Kb4 a5+ 48. Kb3 Rd8 49. Rf6+ Kc5 50. Rf5 Rd7 51. c4 Kc6 52. Rfxd5 Rg7 53. Rd6+ Kc7 54. R3d5 Rf7 55. Rd3 Rg7 56. R6d4 Kc6 57. Rd6+ Kc7 1/2-1/2

[Event "December 19 Late 2023"]
[Site "https://www.chess.com"]
[Date "2023.12.19"]
[Round "2"]
[White "Fernandez Diaz, Cristian"]
[Black "Zhu, Jiner"]
[Result "0-1"]
[Board "70"]
[TimeControl "180+1"]
[WhiteFideId "22256687"]
[BlackFideId "8608059"]
[WhiteElo "2170"]
[BlackElo "2384"]
[WhiteTeam "ESP"]
[BlackTeam "CHN"]
[WhiteClock "0:00:00"]
[BlackClock "0:00:12"]

1. e4 e5 2. Nf3 Nf6 3. d4 exd4 4. e5 Ne4 5. Qxd4 d5 6. exd6 Nxd6 7. Qf4 Be7 8. Bd3 Nc6 9. Nc3 Be6 10. O-O Qd7 11. Re1 O-O-O 12. Qa4 Kb8 13. Be3 Bf6 14. Ne4 Nxe4 15. Bxe4 Nd4 16. Qxd7 Nxf3+ 17. Bxf3 Rxd7 18. c3 Rhd8 19. a3 Bb3 20. g3 a5 21. a4 h6 22. h4 b6 23. Kg2 Ka7 24. Ra3 Bd1 25. Ra1 Bc2 26. Rec1 Bb3 27. Ra3 Be6 28. Raa1 g5 29. hxg5 hxg5 30. g4 Be5 31. b4 axb4 32. a5 c5 33. cxb4 Bxa1 34. Rxa1 Bd5 35. axb6+ Kxb6 36. bxc5+ Kb7 37. Rb1+ Kc8 38. Bxg5 Rh8 39. Bf4 Bxf3+ 40. Kxf3 Rb7 41. Ra1 Kd7 42. Rd1+ Kc6 43. Bd6 Rh3+ 44. Kg2 Rc3 45. f3 Rbb3 46. Rf1 Kd5 47. Kg3 Ke6 48. Kf4 Rd3 49. Re1+ Kd5 50. Re5+ Kc6 51. Re7 Rxf3+ 52. Kg5 Rbd3 53. Rc7+ Kb5 54. Rb7+ Kc4 55. Kh5 Rd5+ 56. g5 Rff5 57. Be7 f6 0-1

[Event "December 19 Late 2023"]
[Site "https://www.chess.com"]
[Date "2023.12.19"]
[Round "2"]
[White "Gunduz, Umut Erdem"]
[Black "Su, Dion"]
[Result "1-0"]
[Board "71"]
[TimeControl "180+1"]
[WhiteFideId "6381383"]
[BlackFideId "2029731"]
[WhiteElo "2182"]
[BlackElo "2376"]
[WhiteTeam "TUR"]
[BlackTeam "USA"]
[WhiteClock "0:01:55"]
[BlackClock "0:01:03"]

1. e4 e6 2. d4 d5 3. Nd2 Nf6 4. e5 Nfd7 5. Ngf3 c5 6. c3 Nc6 7. Bd3 g6 8. a3 Bg7 9. b4 cxd4 10. cxd4 O-O 11. O-O f6 12. exf6 Nxf6 13. Nb3 Nh5 14. Bg5 Qc7 15. Re1 Nf4 16. Bf1 h6 17. Bh4 g5 18. Bg3 a6 19. Rc1 Qf7 20. Ne5 Nxe5 21. dxe5 b6 22. Nd4 Bb7 23. Qd2 Ng6 24. a4 Rac8 25. a5 bxa5 26. bxa5 Rxc1 27. Qxc1 h5 28. Qxg5 h4 29. Bxh4 Nxh4 30. Qxh4 Rc8 31. Qg4 Rc4 32. Bxc4 1-0

[Event "December 19 Late 2023"]
[Site "https://www.chess.com"]
[Date "2023.12.19"]
[Round "2"]
[White "Goltsev, Dmitry"]
[Black "Kostiukov, Alexandr"]
[Result "1-0"]
[Board "72"]
[TimeControl "180+1"]
[WhiteFideId "24176710"]
[BlackFideId "14108100"]
[WhiteElo "2370"]
[BlackElo "2112"]
[WhiteTeam "RUS"]
[BlackTeam "UKR"]
[WhiteClock "0:01:15"]
[BlackClock "0:00:00"]

1. e4 c5 2. Nf3 g6 3. d4 cxd4 4. Qxd4 Nf6 5. Nc3 Nc6 6. Qa4 d6 7. e5 dxe5 8. Nxe5 Bg7 9. Bb5 O-O 10. Nxc6 bxc6 11. Bxc6 Bd7 12. Bxd7 Nxd7 13. O-O Nc5 14. Qh4 Rb8 15. Bg5 Re8 16. Rad1 Qb6 17. Nd5 Qxb2 18. Bxe7 Nd7 19. Nc7 Ne5 20. Nxe8 Rxe8 21. Rd8 Rxd8 22. Bxd8 Qxc2 23. Bf6 Qxa2 24. Rd1 h6 25. Bxg7 Kxg7 26. Qd4 1-0

[Event "December 19 Late 2023"]
[Site "https://www.chess.com"]
[Date "2023.12.19"]
[Round "2"]
[White "Biernacki, Mark"]
[Black "Annaberdiyev, Meylis"]
[Result "0-1"]
[Board "73"]
[TimeControl "180+1"]
[WhiteFideId "2082322"]
[BlackFideId "14000563"]
[WhiteElo "1965"]
[BlackElo "2405"]
[WhiteTeam "USA"]
[BlackTeam "TKM"]
[WhiteClock "0:00:00"]
[BlackClock "0:00:19"]

1. e4 c5 2. Nc3 Nc6 3. Bb5 Nd4 4. Nf3 g6 5. Nxd4 cxd4 6. Ne2 Bg7 7. c3 a6 8. Bd3 dxc3 9. dxc3 d6 10. O-O Nf6 11. Be3 Ng4 12. Bf4 O-O 13. h3 Ne5 14. Bc2 Nc4 15. Rb1 e5 16. Bg3 Be6 17. Bd3 d5 18. Qc2 dxe4 19. Bxe4 Qc7 20. Nd4 Bd7 21. Rfd1 Kh8 22. Qe2 Nd6 23. Nb3 Nxe4 24. Qxe4 Bf5 25. Qe2 Bxb1 26. Rxb1 f5 27. Bh2 f4 28. f3 Rad8 29. Kh1 Qd7 30. Bg1 Rf7 31. Nc5 Qd5 32. a3 h5 33. Re1 Kh7 34. Ne4 Bh6 35. Qf2 Qc6 36. Qa7 Rfd7 37. Nc5 Rd1 38. Rxd1 Rxd1 39. Qb8 Rxg1+ 40. Kxg1 Qxc5+ 41. Kh2 Qd5 42. Qc7+ Bg7 43. Qe7 b5 0-1

[Event "December 19 Late 2023"]
[Site "https://www.chess.com"]
[Date "2023.12.19"]
[Round "2"]
[White "Kucza, Karol"]
[Black "Slavin, Alexey"]
[Result "1-0"]
[Board "74"]
[TimeControl "180+1"]
[WhiteFideId "1159755"]
[BlackFideId "24104388"]
[WhiteElo "2307"]
[BlackElo "2264"]
[WhiteTeam "POL"]
[BlackTeam "RUS"]
[WhiteClock "0:00:08"]
[BlackClock "0:00:00"]

1. e4 Nc6 2. Nf3 d6 3. d4 Nf6 4. Nc3 Bg4 5. Be3 a6 6. h3 Bh5 7. Be2 e5 8. d5 Nb8 9. Qd2 Be7 10. O-O-O Nbd7 11. g4 Bg6 12. Bd3 b5 13. a3 Nb6 14. Qe2 O-O 15. Nd2 Rc8 16. f3 c5 17. dxc6 Rxc6 18. h4 Rxc3 19. bxc3 h5 20. g5 Nfd7 21. Nb1 Na4 22. c4 Ndc5 23. cxb5 axb5 24. Bxb5 Qa5 25. Bxa4 Qxa4 26. Bxc5 dxc5 27. Rd5 c4 28. Qe3 Rb8 29. Rxe5 Bf8 30. Qc3 Bd6 31. Rd5 Bf4+ 32. Nd2 Qa6 33. Kd1 Qb6 34. Ke2 Qe6 35. a4 Re8 36. Qxc4 Be5 37. a5 Bf4 38. a6 Kh7 39. Ra1 Bxd2 40. Kxd2 Qh3 41. Rd3 Qxh4 42. a7 Qxg5+ 43. Kc3 Qe5+ 44. Qd4 Rc8+ 45. Kd2 Qf4+ 46. Qe3 Qc7 47. Rc3 Qd7+ 48. Qd3 Qb7 49. Rxc8 Qxc8 50. a8=Q Qh3 51. Qad5 1-0

[Event "December 19 Late 2023"]
[Site "https://www.chess.com"]
[Date "2023.12.19"]
[Round "2"]
[White "Gruzman, Ilya"]
[Black "Solon, Nathan"]
[Result "0-1"]
[Board "75"]
[TimeControl "180+1"]
[WhiteFideId "2812703"]
[BlackFideId "2017229"]
[WhiteElo "1986"]
[BlackElo "2661"]
[WhiteTeam "ISR"]
[BlackTeam "USA"]
[WhiteClock "0:00:00"]
[BlackClock "0:00:53"]

1. d4 d5 2. c4 c6 3. Nf3 Nf6 4. Nc3 e6 5. Bg5 dxc4 6. e4 b5 7. e5 h6 8. Bh4 g5 9. Nxg5 hxg5 10. Bxg5 Be7 11. exf6 Bxf6 12. Bxf6 Qxf6 13. Ne4 Qe7 14. g3 f5 15. Nd2 Bb7 16. Bg2 c5 17. Bxb7 Qxb7 18. Qf3 Nc6 19. dxc5 O-O-O 20. O-O-O Ne5 21. Qxb7+ Kxb7 22. Rdf1 Nd3+ 23. Kc2 Nb4+ 24. Kc1 Nxa2+ 25. Kc2 Nb4+ 26. Kc1 Nd3+ 27. Kc2 Kc6 28. Nf3 Kxc5 29. h4 b4 30. Ng5 Kd5 31. h5 Rdg8 32. f4 Rh6 33. b3 Nc5 34. bxc4+ Kxc4 0-1

[Event "December 19 Late 2023"]
[Site "https://www.chess.com"]
[Date "2023.12.19"]
[Round "2"]
[White "Manukyan, Sargis A."]
[Black "Obon Temprano, Sergi"]
[Result "1-0"]
[Board "76"]
[TimeControl "180+1"]
[WhiteFideId "13303970"]
[BlackFideId "2226545"]
[WhiteElo "2186"]
[BlackElo "2135"]
[WhiteTeam "ARM"]
[BlackTeam "ESP"]
[WhiteClock "0:00:22"]
[BlackClock "0:00:13"]

1. d4 d5 2. c4 c6 3. Nc3 Nf6 4. e3 e6 5. Nf3 Nbd7 6. Bd3 dxc4 7. Bxc4 b5 8. Bd3 a6 9. e4 c5 10. e5 cxd4 11. Nxb5 axb5 12. exf6 gxf6 13. O-O Qb6 14. Qe2 Bb7 15. Rd1 Rg8 16. Bf4 Be7 17. Bg3 Bc6 18. Nxd4 Qxd4 19. Bxh7 Qg4 20. Qc2 Bd5 21. Bxg8 Qxg8 22. Rxd5 exd5 23. Qc6 Rd8 24. Re1 Kf8 25. Bc7 Ne5 26. Rxe5 fxe5 27. Bxd8 Bxd8 28. Qd6+ Be7 29. Qb8+ Kg7 30. Qxe5+ Kh7 31. Qh5+ Kg7 32. Qxd5 Qd8 33. Qxb5 Qd1+ 34. Qf1 Qc2 35. a4 Qxa4 36. Qc1 Bf6 37. g3 Qb4 38. Qd1 Bxb2 39. Qf3 Bf6 40. Kg2 Qd4 41. h4 Qe5 42. Qg4+ Kh7 43. Qd1 Qe4+ 44. Kh2 Bd4 45. Qd2 Qe5 46. Qd3+ Kg7 47. Qf3 Qf6 48. Qg4+ Kf8 49. f4 Bc3 50. h5 Bd4 51. Kh3 Qg7 52. Qc8+ Ke7 53. Qc7+ Kf8 54. Qd8# 1-0

[Event "December 19 Late 2023"]
[Site "https://www.chess.com"]
[Date "2023.12.19"]
[Round "2"]
[White "Merriman, John"]
[Black "Taboas Rodriguez, Daniel"]
[Result "0-1"]
[Board "77"]
[TimeControl "180+1"]
[WhiteFideId "402362"]
[BlackFideId "2208466"]
[WhiteElo "2207"]
[BlackElo "2365"]
[WhiteTeam "ENG"]
[BlackTeam "ESP"]
[WhiteClock "0:01:13"]
[BlackClock "0:02:00"]

1. d4 d5 2. c4 c6 3. Nc3 Nf6 4. e3 a6 5. Nf3 b5 6. b3 Bg4 7. Be2 e6 8. O-O Nbd7 9. h3 Bh5 10. c5 Be7 11. Bd2 O-O 12. b4 a5 13. a3 a4 14. e4 Nxe4 15. Nxe4 dxe4 16. Ne1 Bg6 17. Be3 Nf6 18. Qd2 Nd5 19. Nc2 f5 20. f4 Qe8 21. Bf2 Bh5 22. g4 fxg4 23. hxg4 Qg6 0-1

[Event "December 19 Late 2023"]
[Site "https://www.chess.com"]
[Date "2023.12.19"]
[Round "2"]
[White "Sturt, Raven"]
[Black "Paragua, Megan Althea"]
[Result "1-0"]
[Board "78"]
[TimeControl "180+1"]
[WhiteFideId "2007304"]
[BlackFideId "30973007"]
[WhiteElo "2408"]
[BlackElo "1961"]
[WhiteTeam "USA"]
[BlackTeam "USA"]
[WhiteClock "0:00:24"]
[BlackClock "0:00:00"]

1. f4 Nf6 2. Nf3 d5 3. e3 e6 4. b3 Be7 5. Bb2 O-O 6. Rg1 Ne4 7. d3 Bf6 8. Ne5 Bxe5 9. fxe5 Nc5 10. Qg4 Ncd7 11. Nd2 c5 12. h4 Nc6 13. a3 Ncxe5 14. Qg3 f6 15. Nf3 Nxf3+ 16. gxf3 Qe7 17. O-O-O b5 18. h5 Kh8 19. Bh3 Nb6 20. f4 Bd7 21. Kb1 c4 22. Bd4 cxb3 23. cxb3 Rg8 24. b4 Na4 25. h6 a5 26. hxg7+ Rxg7 27. Qh4 Rf8 28. Rxg7 Qxg7 29. bxa5 Qe7 30. Rg1 e5 31. fxe5 Qxa3 32. Bxd7 Qxd3+ 33. Kc1 Qa3+ 34. Kd2 Qa2+ 35. Kd3 Qc4+ 36. Kd2 Qa2+ 37. Ke1 Qb1+ 38. Kf2 fxe5+ 39. Kg2 Rg8+ 40. Kh3 Qe4 41. Qf6+ 1-0

[Event "December 19 Late 2023"]
[Site "https://www.chess.com"]
[Date "2023.12.19"]
[Round "2"]
[White "Zavgorodniy, Sergiy"]
[Black "Silvestre, Christian"]
[Result "0-1"]
[Board "79"]
[TimeControl "180+1"]
[WhiteFideId "14110148"]
[BlackFideId "30956269"]
[WhiteElo "2402"]
[BlackElo "2255"]
[WhiteTeam "UKR"]
[BlackTeam "USA"]
[WhiteClock "0:00:39"]
[BlackClock "0:00:19"]

1. e4 c5 2. Nc3 a6 3. a4 e6 4. g3 Qc7 5. Bg2 Nf6 6. Nge2 Nc6 7. O-O d6 8. d3 Be7 9. f4 h5 10. h3 b6 11. Be3 Bb7 12. d4 cxd4 13. Nxd4 O-O-O 14. Ndb5 axb5 15. Nxb5 Qd7 16. Bxb6 d5 17. Bxd8 Bxd8 18. e5 Bb6+ 19. Kh1 Ng4 20. Qd2 Ne3 21. a5 Nxf1 22. Bxf1 Bc5 23. a6 Ba8 24. Kh2 Na7 25. Qc3 Qc6 26. Nd4 Qc7 27. b4 Bb6 28. Qd2 Nc6 29. Nb5 Qd7 30. Nd6+ Kb8 31. Bb5 Ka7 32. c4 dxc4 33. Bxc4 Nd4 34. Nb5+ Qxb5 35. Bxb5 Nf3+ 36. Kg2 Nxd2+ 37. Kh2 Nf3+ 38. Kg2 Nd4+ 39. Bc6 Bxc6+ 40. Kh2 Rd8 41. h4 Nf5 42. Ra2 Be3 43. b5 Bxb5 44. Rb2 Rd2+ 45. Rxd2 Bxd2 46. g4 hxg4 47. h5 Bxf4+ 48. Kg2 Bxe5 49. h6 gxh6 50. Kh1 Bxa6 51. Kg2 Kb6 52. Kh1 Kc5 53. Kg2 Kd4 54. Kh1 Ke4 55. Kg2 Kf4 56. Kh1 Bd6 57. Kg2 e5 58. Kh1 e4 59. Kg2 e3 60. Kg1 e2 61. Kf2 g3+ 62. Ke1 g2 63. Kd2 g1=Q 64. Kc2 Qd1+ 65. Kb2 Qd4+ 66. Ka2 Bc4+ 67. Kb1 e1=Q+ 68. Kc2 Qed2+ 69. Kb1 Q4b2# 0-1

[Event "December 19 Late 2023"]
[Site "https://www.chess.com"]
[Date "2023.12.19"]
[Round "2"]
[White "Chemin, Justo Reinaldo"]
[Black "Erdogan, Anil Berk"]
[Result "1-0"]
[Board "80"]
[TimeControl "180+1"]
[WhiteFideId "2101580"]
[BlackFideId "6348173"]
[WhiteElo "1940"]
[BlackElo "2007"]
[WhiteTeam "BRA"]
[BlackTeam "TUR"]
[WhiteClock "0:00:26"]
[BlackClock "0:00:15"]

1. e4 c5 2. Nf3 g6 3. Nc3 Nc6 4. d3 Bg7 5. g3 e6 6. Bg2 Nge7 7. O-O O-O 8. h4 d5 9. h5 Nd4 10. Nxd4 cxd4 11. Ne2 dxe4 12. dxe4 Nc6 13. hxg6 hxg6 14. Nf4 b6 15. Nd3 Bb7 16. f4 Qe7 17. a3 Rad8 18. Qg4 Bc8 19. Bd2 a5 20. Rae1 Kh7 21. Kf2 Kg8 22. Rh1 e5 23. f5 Rfe8 24. Qh3 Qf6 25. Qh7+ Kf8 26. g4 gxf5 27. g5 Qg6 28. Qxg6 fxg6 29. exf5 e4 30. Bxe4 Ne5 31. f6 Ng4+ 32. Kg3 Nxf6 33. gxf6 Bxf6 34. Bxg6 Rxe1 35. Rxe1 Kg7 36. Be4 Rh8 37. Nf4 Bh4+ 38. Kf3 Bxe1 39. Bxe1 Rh2 40. Bf2 Kf7 41. Ne2 Bg4+ 42. Kxg4 Rxf2 43. Nxd4 Ke7 44. b4 axb4 45. axb4 Kd6 46. Bd3 Ke5 47. Nc6+ Kd5 48. Ne7+ Kd4 49. Nf5+ Kc3 50. b5 Kb4 51. Ne7 Rf7 52. Nd5+ Kc5 53. Ne3 Kd4 54. Nf5+ Kc3 55. Nd6 Rd7 56. Nc4 Rb7 57. Kf5 Kb4 58. Ke4 Kc5 59. Ne5 Re7 60. c4 Kd6 61. Kd4 Rxe5 62. Be4 Rc5 63. Bd5 Ke7 64. Ke5 Kd7 65. Kd4 Kd6 66. Ke4 Rc7 67. Kd4 Rh7 68. Kc3 Rh4 69. Kb4 Rh1 70. Bxh1 Kc7 71. c5 bxc5+ 72. Kxc5 Kb8 73. b6 Kc8 74. b7+ Kb8 75. Kd6 Ka7 76. Kc7 Ka6 77. b8=Q Ka5 78. Qb3 Ka6 79. Qb6# 1-0

[Event "December 19 Late 2023"]
[Site "https://www.chess.com"]
[Date "2023.12.19"]
[Round "2"]
[White "Melamed, Daniel"]
[Black "User234564"]
[Result "0-1"]
[Board "81"]
[TimeControl "180+1"]
[WhiteFideId "3229076"]
[WhiteElo "1908"]
[BlackElo "2650"]
[WhiteTeam "AUS"]
[WhiteClock "0:00:41"]
[BlackClock "0:00:17"]

1. d4 Nf6 2. Nf3 g6 3. Nc3 d5 4. Bf4 Bg7 5. e3 O-O 6. Be2 c5 7. Ne5 Nc6 8. Qd2 Qb6 9. O-O-O cxd4 10. exd4 Be6 11. h4 h5 12. f3 Rac8 13. a3 Nd7 14. Nxc6 bxc6 15. Bh6 Rb8 16. b3 Bxh6 17. Qxh6 c5 18. Na4 Qd6 19. dxc5 Nxc5 20. Nxc5 Qxc5 21. Kb2 Rfc8 22. Qd2 d4 23. Bd3 a5 24. Rde1 Qd5 25. Be4 Rxb3+ 26. cxb3 Qxb3+ 27. Ka1 Qxa3+ 28. Kb1 Rb8+ 29. Kc2 Qa4+ 30. Kc1 Qa1+ 31. Kc2 Rb2+ 32. Kd3 Qa3+ 33. Ke2 Qe3+ 34. Kf1 Qxd2 0-1

[Event "December 19 Late 2023"]
[Site "https://www.chess.com"]
[Date "2023.12.19"]
[Round "2"]
[White "Essing, Arnold"]
[Black "Ehlvest, Jaan"]
[Result "1-0"]
[Board "82"]
[TimeControl "180+1"]
[WhiteFideId "4619862"]
[BlackFideId "4500016"]
[WhiteElo "2257"]
[BlackElo "2452"]
[WhiteTeam "GER"]
[BlackTeam "USA"]
[WhiteClock "0:00:05"]
[BlackClock "0:00:00"]

1. d4 g6 2. Nf3 Bg7 3. c4 d6 4. Nc3 c5 5. d5 Bxc3+ 6. bxc3 e5 7. dxe6 Bxe6 8. e4 Nc6 9. Be2 Nf6 10. Qc2 O-O 11. Bf4 Qc7 12. O-O Ng4 13. Bg3 f6 14. Nd2 Nh6 15. Rfd1 Rad8 16. h3 b6 17. Nf1 Nf7 18. Ne3 Ne7 19. Bg4 Bxg4 20. hxg4 Kg7 21. Rd2 Rh8 22. Rad1 h5 23. g5 fxg5 24. Qd3 Nc6 25. Nd5 Qd7 26. Qf3 Qe6 27. Nc7 Qf6 28. Qxf6+ Kxf6 29. Bxd6 Kg7 30. Ne6+ Kf6 31. Nxd8 Rxd8 32. Be5+ Nfxe5 33. Rxd8 Nxd8 34. Rxd8 Nxc4 35. Ra8 a5 36. Rb8 g4 37. f3 Ke5 38. Kf2 gxf3 39. gxf3 g5 40. Kg3 a4 41. Rd8 a3 42. Rd5+ Kf6 43. Rf5+ Kg6 44. Rf8 Ne3 45. e5 Nf5+ 46. Kf2 Ng7 47. c4 h4 48. Rf6+ Kh5 49. Rxb6 g4 50. fxg4+ Kg5 51. e6 Kf6 52. Rc6 Nxe6 53. Ra6 Ke5 54. Rxa3 Ng5 55. Ra8 Kd4 56. Rg8 1-0

[Event "December 19 Late 2023"]
[Site "https://www.chess.com"]
[Date "2023.12.19"]
[Round "2"]
[White "Janaszak, Dawid"]
[Black "Vanek, Tomas"]
[Result "1-0"]
[Board "83"]
[TimeControl "180+1"]
[WhiteFideId "1119206"]
[BlackFideId "313459"]
[WhiteElo "2218"]
[BlackElo "2052"]
[WhiteTeam "POL"]
[BlackTeam "CZE"]
[WhiteClock "0:00:12"]
[BlackClock "0:00:11"]

1. e4 c5 2. Nc3 a6 3. g3 Nc6 4. Bg2 b5 5. d3 b4 6. Nd5 e6 7. Ne3 Rb8 8. f4 g6 9. Nh3 Bg7 10. O-O Nge7 11. f5 gxf5 12. exf5 Bd4 13. fxe6 dxe6 14. Kh1 Ne5 15. Ng5 Bb7 16. Ne4 Bxe4 17. Bxe4 f5 18. Bg2 h5 19. Qe1 h4 20. c3 Nxd3 21. Qe2 Nxc1 22. Raxc1 Bxe3 23. Qxe3 Rb6 24. cxb4 hxg3 25. Qxg3 Rxb4 26. Rxc5 Rbh4 27. h3 Qd4 28. Rfc1 f4 29. Qb3 Qe3 30. Qxe3 fxe3 31. Re1 Nf5 32. Rc7 Rb4 33. Rc8+ Kf7 34. Rxh8 Rxb2 35. a4 Ra2 36. Bc6 Ng3+ 37. Kg1 Ne2+ 38. Kf1 Ng3+ 39. Kg1 Ne2+ 40. Rxe2 Rxe2 41. Bf3 Rf2 42. Bh5+ Kg7 43. Re8 Rf6 44. Bg4 Kf7 45. Bh5+ Kg7 46. Bg4 Kf7 47. Rd8 Rf4 48. Rd3 Re4 49. Kf1 Kf6 50. a5 Kg5 51. Ke2 Re5 52. Rxe3 Rxa5 53. Rxe6 Ra2+ 54. Kf3 Ra3+ 55. Kf2 Kf4 56. Rf6+ Kg5 57. Rf5+ Kg6 58. Rc5 Ra2+ 59. Kf3 Ra3+ 60. Kg2 Ra2+ 61. Kg3 Ra3+ 62. Bf3 a5 63. h4 Kh6 64. h5 Ra2 65. Rc6+ Kg7 66. h6+ Kh7 67. Be4+ Kh8 68. Rc8# 1-0

[Event "December 19 Late 2023"]
[Site "https://www.chess.com"]
[Date "2023.12.19"]
[Round "2"]
[White "Chor, Kevin"]
[Black "Michalski, Olaf"]
[Result "1-0"]
[Board "84"]
[TimeControl "180+1"]
[WhiteFideId "2090740"]
[BlackFideId "1106740"]
[WhiteElo "2640"]
[BlackElo "2105"]
[WhiteTeam "USA"]
[BlackTeam "POL"]
[WhiteClock "0:00:20"]
[BlackClock "0:00:00"]

1. d4 d6 2. e4 Nc6 3. Nc3 Nf6 4. f4 Bg4 5. Qd3 e5 6. d5 Nd4 7. f5 Nd7 8. Be3 Qh4+ 9. Bf2 Qh6 10. h3 Be7 11. Nge2 Nc5 12. Qd1 Bxe2 13. Bxe2 Bh4 14. O-O Bxf2+ 15. Rxf2 Qe3 16. Bf3 Nxf3+ 17. Qxf3 Qxf3 18. Rxf3 a5 19. Nb5 Kd7 20. Re1 1-0

[Event "December 19 Late 2023"]
[Site "https://www.chess.com"]
[Date "2023.12.19"]
[Round "2"]
[White "Cremisi, Daniel"]
[Black "Saim, Mohamed Ilias"]
[Result "1-0"]
[Board "85"]
[TimeControl "180+1"]
[WhiteFideId "2089882"]
[BlackFideId "7900465"]
[WhiteElo "2172"]
[BlackElo "2063"]
[WhiteTeam "USA"]
[BlackTeam "ALG"]
[WhiteClock "0:02:58"]
[BlackClock "0:01:59"]

1. d4 Nf6 2. c4 e6 3. Nf3 b6 4. g3 Bb7 5. Bg2 Be7 6. O-O O-O 7. Nc3 Ne4 8. Qc2 Nxc3 9. bxc3 c5 10. Ng5 Bxg5 11. Bxb7 Nc6 12. Bxa8 Bxc1 13. Bxc6 dxc6 14. Raxc1 cxd4 15. Rfd1 c5 16. cxd4 cxd4 17. e3 e5 18. Qe4 Re8 19. Rd2 Qe7 20. exd4 Qa3 21. Rcd1 Rc8 22. dxe5 1-0

[Event "December 19 Late 2023"]
[Site "https://www.chess.com"]
[Date "2023.12.19"]
[Round "2"]
[White "Saveliev, Alexei"]
[Black "Veloso, Henrique Barbosa"]
[Result "1-0"]
[Board "86"]
[TimeControl "180+1"]
[WhiteFideId "24128546"]
[BlackFideId "22784853"]
[WhiteElo "2257"]
[BlackElo "1881"]
[WhiteTeam "RUS"]
[BlackTeam "BRA"]
[WhiteClock "0:00:33"]
[BlackClock "0:00:00"]

1. c4 c5 2. Nc3 Nc6 3. e3 Nf6 4. d4 cxd4 5. exd4 d5 6. cxd5 Nxd5 7. Nf3 Bg4 8. Be2 e6 9. h3 Bxf3 10. Bxf3 Bb4 11. Bd2 Bxc3 12. bxc3 O-O 13. O-O Rc8 14. Qe2 a6 15. Rfd1 Na5 16. Rab1 b5 17. Qd3 Nc4 18. Be1 Qa5 19. Qe2 Rfd8 20. Rb3 Rc7 21. Be4 Nd6 22. Bb1 Rc4 23. Qe5 Qc7 24. Rd3 Nb7 25. Qh5 Nf6 26. Qh4 Nc5 27. Rg3 Nxb3 28. Qxf6 g6 29. axb3 Rc6 30. Qg5 Rd5 31. Qe3 Qd7 32. Be4 Rdd6 33. Bxc6 Qxc6 34. b4 Rd7 35. Bd2 Rc7 36. Qe5 Rc8 37. Bh6 f6 38. Qxf6 Qd7 39. Rf3 1-0

[Event "December 19 Late 2023"]
[Site "https://www.chess.com"]
[Date "2023.12.19"]
[Round "2"]
[White "Egorov, Konstantin"]
[Black "Karttunen, Mika"]
[Result "0-1"]
[Board "87"]
[TimeControl "180+1"]
[WhiteFideId "24154369"]
[BlackFideId "502081"]
[WhiteElo "1878"]
[BlackElo "2396"]
[WhiteTeam "RUS"]
[BlackTeam "FIN"]
[WhiteClock "0:00:00"]
[BlackClock "0:00:26"]

1. d4 Nf6 2. c4 e6 3. Nf3 d5 4. Nc3 Bb4 5. Bg5 h6 6. Bxf6 Qxf6 7. Qa4+ Nc6 8. e3 O-O 9. Be2 a5 10. cxd5 exd5 11. O-O Be6 12. Rac1 Ne7 13. a3 Bd6 14. Nb5 Bd7 15. Qb3 Bxb5 16. Qxb5 Rfb8 17. Qd7 c6 18. Bd3 Qe6 19. Qxe6 fxe6 20. Nd2 a4 21. f4 Rc8 22. Nf3 c5 23. Ne5 c4 24. Bb1 b5 25. g4 b4 26. axb4 a3 27. bxa3 Rxa3 28. e4 Bxb4 29. f5 Bd2 30. Rcd1 Be3+ 31. Kh1 c3 32. fxe6 c2 33. Bxc2 Rxc2 34. exd5 Raa2 35. Nf3 Nxd5 36. Rb1 Bf4 0-1

[Event "December 19 Late 2023"]
[Site "https://www.chess.com"]
[Date "2023.12.19"]
[Round "2"]
[White "Lymar, Vladislav"]
[Black "Paravyan, David"]
[Result "0-1"]
[Board "88"]
[TimeControl "180+1"]
[WhiteFideId "14162180"]
[BlackFideId "4194985"]
[WhiteElo "2158"]
[BlackElo "2566"]
[WhiteTeam "UKR"]
[BlackTeam "FID"]
[WhiteClock "0:00:03"]
[BlackClock "0:00:15"]

1. d4 d5 2. c4 dxc4 3. Nf3 Nf6 4. e3 e6 5. Bxc4 c5 6. O-O Nc6 7. dxc5 Qxd1 8. Rxd1 Bxc5 9. b3 O-O 10. Ba3 Bxa3 11. Nxa3 b6 12. Nb5 Bb7 13. Nd6 Rab8 14. Nxb7 Rxb7 15. Rac1 Rbb8 16. Bxe6 Nb4 17. Bc4 Nxa2 18. Ra1 Nc3 19. Rdc1 Nfe4 20. Rxa7 b5 21. Bf1 b4 22. Nd4 Rfc8 23. Rca1 g6 24. h4 Nd2 25. Re7 Ra8 26. Raa7 Rxa7 27. Rxa7 Nce4 28. Ra1 Rc3 29. f3 Ng3 30. Bc4 Nxc4 31. bxc4 Rxe3 32. Kf2 Rd3 33. Nc6 Nf5 34. h5 Rd2+ 35. Kg1 b3 36. Ra8+ Kg7 37. Rb8 b2 38. Kh2 Ne3 39. hxg6 hxg6 40. c5 Rxg2+ 41. Kh3 Rf2 42. Nd4 Rd2 43. Nc6 Nc4 44. Ne7 Rd7 45. Nc6 Rd1 46. Na7 b1=Q 47. Rxb1 Rxb1 48. c6 Nd6 49. c7 Rc1 50. Nb5 Nxb5 0-1

[Event "December 19 Late 2023"]
[Site "https://www.chess.com"]
[Date "2023.12.19"]
[Round "2"]
[White "Sadovsky, Artem"]
[Black "Bortnyk, Olexandr"]
[Result "0-1"]
[Board "89"]
[TimeControl "180+1"]
[WhiteFideId "4155840"]
[BlackFideId "14120828"]
[WhiteElo "2314"]
[BlackElo "2731"]
[WhiteTeam "FID"]
[BlackTeam "UKR"]
[WhiteClock "0:00:05"]
[BlackClock "0:01:51"]

1. Nf3 Nf6 2. e3 b6 3. b3 Bb7 4. Bb2 e6 5. Be2 d5 6. O-O Bd6 7. c4 Nbd7 8. d4 Ne4 9. Nc3 O-O 10. Nxe4 dxe4 11. Ne5 Nxe5 12. dxe5 Bc5 13. Qxd8 Rfxd8 14. Rfd1 a5 15. Rxd8+ Rxd8 16. Rd1 Rxd1+ 17. Bxd1 Kf8 18. Bc2 Ke7 19. Kf1 f5 20. exf6+ gxf6 21. Ke2 Bd6 22. h3 h5 23. f3 f5 24. f4 Kf7 25. Kf2 Ba6 26. Bd1 Kg6 27. g4 h4 28. g5 e5 29. Bxe5 Bxe5 30. fxe5 Kxg5 31. Be2 Bc8 32. c5 bxc5 33. Bc4 Bd7 34. Bf7 Bb5 35. a4 Bd3 36. Bc4 Bxc4 37. bxc4 Kg6 38. Kg2 Kf7 39. Kf2 Ke6 40. Kg2 Kxe5 41. Kf2 f4 42. Ke2 fxe3 43. Kxe3 c6 0-1

[Event "December 19 Late 2023"]
[Site "https://www.chess.com"]
[Date "2023.12.19"]
[Round "2"]
[White "Pein, Jonathan"]
[Black "FontVella8"]
[Result "0-1"]
[Board "90"]
[TimeControl "180+1"]
[WhiteFideId "417092"]
[WhiteElo "2130"]
[BlackElo "2826"]
[WhiteTeam "ENG"]
[WhiteClock "0:00:53"]
[BlackClock "0:01:33"]

1. b3 e5 2. Bb2 d6 3. e3 g6 4. d4 Nd7 5. dxe5 dxe5 6. Nf3 Bg7 7. Bb5 c6 8. Be2 Ne7 9. Nbd2 O-O 10. Nc4 e4 11. Nd4 b5 12. Nd6 c5 13. N6xb5 cxd4 14. Nxd4 Ne5 15. h4 h5 16. Bxh5 gxh5 17. Qxh5 Bg4 18. Qg5 N7g6 19. Qxd8 Rfxd8 20. h5 Nf8 21. h6 Bf6 22. a4 Rac8 23. Rg1 Kh7 24. Rh1 Ne6 25. Nxe6 Bxe6 26. Bd4 Rxc2 27. Rh5 Nd3+ 28. Kf1 Rxf2+ 29. Kg1 Bxd4 30. exd4 Rg8 31. Rh2 e3 32. Rd1 e2 33. Re1 Bd5 34. g4 Rxh2 35. Kxh2 Nxe1 36. g5 Rxg5 37. b4 Nf3+ 38. Kh3 e1=B 0-1